 Dungeon Crawl Stone Soup version 0.25-a0-63-gbefff83b7c (webtiles) character file.

Game seed: 1305080388881706839, levelgen mode: deterministic

13939 E5v7xujuF the Thaumaturge (level 12, -4/94 HPs)
             Began as a Gnoll Skald on Oct 16, 2019.
             Was a High Priest of Okawaru.
             Slain by Kirke (16 damage)
             ... on level 12 of the Dungeon on Nov 1, 2019.
             The game lasted 01:48:31 (14598 turns).

E5v7xujuF the Thaumaturge (Gnoll Skald)            Turns: 14598, Time: 01:48:32

Health: -4/94      AC:  0    Str: 17    XL:     12   Next: 11%
Magic:  16/24      EV: 24    Int: 18    God:    Okawaru [*****.]
Gold:   452        SH:  3    Dex: 14    Spells: 18/28 levels left

rFire    . . .     SeeInvis .     - Unarmed
rCold    . . .     Gourm    .   (shield currently unavailable)
rNeg     . . .     Faith    .   (armour currently unavailable)
rPois    .         Spirit   .   (helmet currently unavailable)
rElec    .         Reflect  +   (cloak currently unavailable)
rCorr    .         Harm     .   (gloves currently unavailable)
MR       .....                  (boots currently unavailable)
Stlth    +++++.....             o - +3 amulet of reflection
HPRegen  0.25/turn              (ring currently unavailable)
MPRegen  0.19/turn              (ring currently unavailable)

@: pig-form, heroism, infused (expiring), slowed
A: small, distributed training, strong nose
a: Heroism, Finesse, Renounce Religion


You were on level 12 of the Dungeon.
You worshipped Okawaru.
Okawaru was extremely pleased with you.
You were not hungry.
You were a filthy swine.
You visited 2 branches of the dungeon, and saw 13 of its levels.

You collected 692 gold pieces.
You spent 240 gold pieces at shops.

Inventory:

Hand Weapons
 l - a +2 flail of crushing
 K - a +4 trident of freezing
 P - a +3 flail of freezing (melded)
 V - a +1 mace of holy wrath
Missiles
 t - 5 silver javelins (quivered)
Armour
 j - a +0 shield (melded)
 r - a +3 leather armour of fire resistance (melded)
 u - a +0 helmet of see invisible
 v - a +0 pair of boots (melded)
 O - a +0 cloak (melded)
 R - a +0 plate armour
 T - a +0 pair of gloves (melded)
 X - a +2 hat
Jewellery
 o - a +3 amulet of reflection (around neck)
 y - a ring of protection from magic (melded)
 E - an uncursed amulet of magic regeneration
 G - a +2 ring of evasion
 H - a ring of protection from fire (melded)
 W - an uncursed amulet of the gourmand
 Z - an uncursed ring of protection from magic
Wands
 n - a wand of iceblast (15)
 s - a wand of polymorph (3)
 C - a wand of digging (6)
 D - a wand of random effects (12)
 L - a wand of disintegration (12)
 N - a wand of clouds (2)
 Y - a wand of flame (8)
Scrolls
 b - a scroll of fog
 e - 4 scrolls of teleportation
 f - 5 scrolls of fear
 g - 2 scrolls of remove curse
 h - 2 scrolls of immolation
 m - a scroll of brand weapon {unknown}
 p - a scroll of amnesia {unknown}
 x - a scroll of blinking {unknown}
 z - 2 scrolls of noise {unknown}
 I - 2 scrolls of magic mapping
 S - 2 scrolls of enchant armour
Potions
 a - a potion of berserk rage
 c - 4 potions of haste
 i - 4 potions of agility
 k - a potion of cancellation
 q - a potion of magic {unknown}
 w - 2 potions of brilliance
 A - 3 potions of lignification
 B - 2 potions of curing
 F - a potion of mutation {unknown}
 J - 2 potions of heal wounds
 M - 2 potions of flight
 Q - a potion of invisibility
 U - a potion of resistance {unknown}
Comestibles
 d - 22 rations


   Skills:
 + Level 8.3(13.3) Fighting
 + Level 6.8(11.8) Short Blades
 + Level 6.8(11.8) Long Blades
 + Level 6.8(11.8) Axes
 + Level 6.8(11.8) Maces & Flails
 + Level 8.3(13.3) Polearms
 + Level 6.8(11.8) Staves
 + Level 6.8(11.8) Slings
 + Level 6.8(11.8) Bows
 + Level 6.8(11.8) Crossbows
 + Level 6.8(11.8) Throwing
 + Level 7.3(12.3) Armour
 + Level 8.3(13.3) Dodging
 + Level 6.8(11.8) Stealth
 + Level 6.8(11.8) Shields
 + Level 6.8(11.8) Unarmed Combat
 + Level 8.5 Spellcasting
 + Level 5.6 Conjurations
 + Level 5.6 Hexes
 + Level 8.0 Charms
 + Level 5.6 Summonings
 + Level 5.6 Necromancy
 + Level 5.6 Translocations
 + Level 5.6 Transmutations
 + Level 5.6 Fire Magic
 + Level 5.6 Ice Magic
 + Level 5.6 Air Magic
 + Level 5.6 Earth Magic
 + Level 5.6 Poison Magic
 + Level 7.5 Invocations
 + Level 6.8 Evocations


You had 18 spell levels left.
You knew the following spells:

 Your Spells              Type           Power        Failure   Level  Hunger
a - Infusion              Chrm           ####         1%          1    None
b - Spectral Weapon       Hex/Chrm       ####....     1%          3    None
c - Regeneration          Chrm/Necr      ####......   1%          3    None
d - Magic Dart            Conj           ####         1%          1    None
e - Slow                  Hex            ####....     1%          2    None

Your spell library contained the following spells:

 Spells                   Type           Power        Failure   Level  Hunger
 Corona                   Hex            ####...      1%          1    None
 Blink                    Tloc           N/A          1%          2    None
 Call Imp                 Summ           ####....     1%          2    None
 Shroud of Golubria       Chrm/Tloc      ####..       1%          2    None
 Song of Slaying          Chrm           #####...     1%          2    None
 Conjure Flame            Conj/Fire      ####....     2%          3    None
 Inner Flame              Hex/Fire       ####....     2%          3    None
 Mephitic Cloud           Conj/Pois/Air  ####....     2%          3    None
 Portal Projectile        Hex/Tloc       ####..       2%          3    None
 Cause Fear               Hex            ####......   9%          4    ###....
 Leda's Liquefaction      Hex/Erth       ####......   9%          4    ###....


Dungeon Overview and Level Annotations

Branches:
Dungeon (12/15)            Temple (1/1) D:6            Lair (0/6) D:8
    Orc (0/2) D:9

Altars:
Ashenzari
Cheibriados
Dithmenos
Elyvilon
Fedhas
Gozag
Hepliaklqana
Kikubaaqudgha
Makhleb
Nemelex Xobeh
Okawaru
Qazlal
Ru
Sif Muna
Trog
Uskayaw
Vehumet
Wu Jian
Xom
Yredelemnul
Zin
The Shining One
Lugonu

Shops:
D:9 (   D:11 [*?

Annotations:
D:10 3 runed translucent doors, Ryzelo's ghost, journeyman TrMo
D:12 Kirke


Innate Abilities, Weirdness & Mutations

Your experience applies equally to all skills.
((You have very sharp teeth.))
Your uncanny sense of smell can sniff out nearby items.


Message History

You hit the hog.
The hog is almost dead.
Your skin is crawling a little less now.
Your magical infusion is running out.
The hog misses you. The scorpion closely misses you. Something hits you!
The manticore flicks its tail.
The volley of spikes hits something!
The hog bites you!
* * * LOW HITPOINT WARNING * * *
The scorpion completely misses you. The scorpion misses you.
You hit the hog!
The hog is moderately wounded.
Something hits you.
* * * LOW HITPOINT WARNING * * *
The hog barely misses you. x2
Your skin stops crawling.
Something closely misses you. The hog misses you. The hog bites you.
* * * LOW HITPOINT WARNING * * *
Something hits you!
You die...

#.# #..# #.#
#.## ###.# #.#
#...# #.#
#.### ∆ #.#
#.#
########h###
#......hhs.#
#.######{#.###
#H.?..#
#.......#
#.#.#.###
#.#.#.# ..#.#
# ### #


You could see a manticore, 2 hogs and a scorpion.

Vanquished Creatures
  Gastronok (D:9)
  A two-headed ogre (D:10)
  A manticore (D:10)
  4 centaur zombies
  2 ugly things (D:11)
  Maurice (D:8)
  Grinder (D:3)
  4 hippogriffs
  A spriggan (D:8)
  A wyvern (D:8)
  A wraith (D:11)
  3 yaks (D:10)
  2 humans (D:11)
  A hog (D:12)
  A hungry ghost (D:10)
  A steam dragon (D:8)
  2 insubstantial wisps (D:8)
  Duvessa (D:6)
  2 porcupines (D:8)
  6 ice beasts
  8 orc warriors
  4 black bears (D:8)
  2 phantoms
  3 ogres
  5 sky beasts
  An eye of draining (D:9)
  3 necrophages
  2 wolves (D:8)
  2 centaurs
  3 crocodiles
  A big kobold (D:10)
  7 bullfrogs
  A wyvern zombie (D:6)
  4 scorpions
  A water moccasin skeleton (D:8)
  Dowan (D:6)
  A wyvern skeleton (D:9)
  13 wights
  5 crimson imps
  A bullfrog zombie (D:9)
  2 quasits
  6 hounds
  6 orc priests
  A centaur skeleton (D:7)
  A jelly (D:11)
  10 orc wizards
  Ijyb (D:3)
  8 iguanas
  7 worker ants
  A hound skeleton (D:10)
  A worker ant zombie (D:10)
  Robin (D:3)
  A howler monkey skeleton (D:4)
  18 adders
  7 gnolls
  A shadow imp (D:9)
  2 oozes
  An adder skeleton (D:6)
  4 worms
  2 dart slugs
  6 leopard geckos
  38 orcs
  A ball python (D:6)
  9 bats
  8 giant cockroaches
  16 hobgoblins
  12 jackals
  4 quokkas
  3 frilled lizards
  A giant cockroach zombie (D:6)
  13 goblins
  12 kobolds
  A leopard gecko skeleton (D:4)
  2 quokka skeletons (D:9)
  8 rats
320 creatures vanquished.

Vanquished Creatures (others)
  A plant (D:8)
  2 spectral weapons (D:10)
3 creatures vanquished.

Grand Total: 323 creatures vanquished

Notes
Turn   | Place    | Note
-------+----------+-------------------------------------------
     0 | D:1      | E5v7xujuF the Gnoll Skald began the quest for the Orb.
     0 | D:1      | Reached XP level 1. HP: 20/20 MP: 6/6
   132 | D:1      | Reached XP level 2. HP: 21/26 MP: 7/7
   536 | D:1      | Reached XP level 3. HP: 17/31 MP: 9/9
   762 | D:1      | Reached skill level 5 in Spellcasting
  1140 | D:1      | Reached skill level 1 in Invocations
  1362 | D:2      | Reached skill level 1 in Short Blades
  1362 | D:2      | Reached skill level 1 in Long Blades
  1362 | D:2      | Reached skill level 1 in Axes
  1362 | D:2      | Reached skill level 1 in Maces & Flails
  1362 | D:2      | Reached skill level 1 in Staves
  1362 | D:2      | Reached skill level 1 in Slings
  1362 | D:2      | Reached skill level 1 in Bows
  1362 | D:2      | Reached skill level 1 in Crossbows
  1362 | D:2      | Reached skill level 1 in Throwing
  1362 | D:2      | Reached skill level 1 in Stealth
  1362 | D:2      | Reached skill level 1 in Shields
  1362 | D:2      | Reached skill level 1 in Unarmed Combat
  1362 | D:2      | Reached skill level 1 in Evocations
  1398 | D:1      | Reached XP level 4. HP: 29/38 MP: 9/11
  1875 | D:2      | Found a white marble altar of Elyvilon.
  1891 | D:2      | Learned a level 3 spell: Spectral Weapon
  1966 | D:2      | Reached skill level 1 in Conjurations
  1966 | D:2      | Reached skill level 1 in Hexes
  1966 | D:2      | Reached skill level 1 in Summonings
  1966 | D:2      | Reached skill level 1 in Necromancy
  1966 | D:2      | Reached skill level 1 in Translocations
  1966 | D:2      | Reached skill level 1 in Transmutations
  1966 | D:2      | Reached skill level 1 in Fire Magic
  1966 | D:2      | Reached skill level 1 in Ice Magic
  1966 | D:2      | Reached skill level 1 in Air Magic
  1966 | D:2      | Reached skill level 1 in Earth Magic
  1966 | D:2      | Reached skill level 1 in Poison Magic
  2266 | D:2      | Reached XP level 5. HP: 43/43 MP: 8/12
  2565 | D:3      | Noticed Robin
  2974 | D:3      | Noticed Grinder
  2998 | D:3      | Killed Grinder
  2998 | D:3      | Reached skill level 5 in Fighting
  2998 | D:3      | Reached skill level 5 in Polearms
  2998 | D:3      | Reached skill level 5 in Dodging
  2998 | D:3      | Reached XP level 6. HP: 25/51 MP: 7/14
  3039 | D:3      | Noticed Ijyb
  3450 | D:2      | Upgraded the game from 0.25-a0-21-ga5a8db46c7 to
                  | 0.25-a0-36-g303dd5b1f4
  3501 | D:3      | Killed Ijyb
  3644 | D:3      | Found an ancient bone altar of Kikubaaqudgha.
  3663 | D:3      | Noticed a necrophage
  3673 | D:3      | Killed a necrophage
  3673 | D:3      | Reached XP level 7. HP: 54/56 MP: 15/15
  3724 | D:3      | Killed Robin
  3819 | D:3      | Found a shimmering blue altar of Sif Muna.
  4636 | D:4      | Learned a level 3 spell: Regeneration
  5057 | D:4      | Found an opulent altar of Gozag.
  5057 | D:4      | Found a glowing silver altar of Zin.
  5253 | D:5      | Entered Level 5 of the Dungeon
  5494 | D:5      | Reached XP level 8. HP: 50/63 MP: 12/16
  5517 | D:5      | Found a bloodstained altar of Trog.
  5518 | D:5      | Found a snail-covered altar of Cheibriados.
  5603 | D:5      | HP: 1/63 [scorpion (4)]
  6512 | D:6      | Found a sacrificial altar of Ru.
  6953 | D:6      | Found a shattered altar of Ashenzari.
  6954 | D:6      | Noticed Duvessa
  6961 | D:6      | Found a staircase to the Ecumenical Temple.
  6979 | Temple   | Entered the Ecumenical Temple
  7175 | D:6      | Reached XP level 9. HP: 49/68 MP: 18/18
  7518 | D:6      | Noticed Dowan
  7743 | D:6      | Killed Dowan
  7915 | D:6      | Killed Duvessa
  8264 | D:7      | Reached skill level 5 in Armour
  8533 | D:7      | Found a shimmering altar of Xom.
  8950 | D:8      | Found an iron altar of Okawaru.
  8953 | D:8      | Became a worshipper of Warmaster Okawaru
  9013 | D:8      | Noticed Maurice
  9026 | D:8      | Killed Maurice
  9026 | D:8      | Reached skill level 5 in Invocations
  9076 | D:8      | Found a staircase to the Lair.
  9103 | D:8      | Reached XP level 10. HP: 53/75 MP: 17/20
  9105 | D:8      | Reached * piety under Okawaru
  9150 | D:8      | Reached skill level 5 in Short Blades
  9150 | D:8      | Reached skill level 5 in Long Blades
  9150 | D:8      | Reached skill level 5 in Axes
  9150 | D:8      | Reached skill level 5 in Maces & Flails
  9150 | D:8      | Reached skill level 5 in Staves
  9150 | D:8      | Reached skill level 5 in Slings
  9150 | D:8      | Reached skill level 5 in Bows
  9150 | D:8      | Reached skill level 5 in Crossbows
  9150 | D:8      | Reached skill level 5 in Throwing
  9150 | D:8      | Reached skill level 5 in Stealth
  9150 | D:8      | Reached skill level 5 in Shields
  9150 | D:8      | Reached skill level 5 in Unarmed Combat
  9150 | D:8      | Reached skill level 5 in Evocations
  9349 | D:8      | Found a white marble altar of Elyvilon.
  9620 | D:8      | Reached ** piety under Okawaru
 10098 | D:8      | Found a stormy altar of Qazlal.
 11337 | D:9      | Reached *** piety under Okawaru
 11337 | D:9      | Reached XP level 11. HP: 53/82 MP: 0/22
 11439 | D:9      | Found a hide-covered altar of Uskayaw.
 11440 | D:9      | Noticed a +0 dagger
 11440 | D:9      | Noticed a +0 dagger
 11443 | D:9      | Noticed Gastronok
 11564 | D:9      | Killed Gastronok
 11564 | D:9      | Reached **** piety under Okawaru
 11564 | D:9      | Reached skill level 5 in Conjurations
 11564 | D:9      | Reached skill level 5 in Hexes
 11564 | D:9      | Reached skill level 5 in Summonings
 11564 | D:9      | Reached skill level 5 in Necromancy
 11564 | D:9      | Reached skill level 5 in Translocations
 11564 | D:9      | Reached skill level 5 in Transmutations
 11564 | D:9      | Reached skill level 5 in Fire Magic
 11564 | D:9      | Reached skill level 5 in Ice Magic
 11564 | D:9      | Reached skill level 5 in Air Magic
 11564 | D:9      | Reached skill level 5 in Earth Magic
 11564 | D:9      | Reached skill level 5 in Poison Magic
 11717 | D:9      | Found a basalt altar of Yredelemnul.
 11765 | D:9      | Found Fosogofy's Weapon Boutique.
 11765 | D:9      | Found a staircase to the Orcish Mines.
 12113 | D:10     | Entered Level 10 of the Dungeon
 12113 | D:10     | Noticed a two-headed ogre
 12166 | D:10     | Noticed a manticore
 12593 | D:10     | Found a runed translucent gate.
 12595 | D:10     | Found a runed translucent gate.
 12595 | D:10     | Found a runed translucent gate.
 12599 | D:10     | Noticed Ryzelo's ghost (journeyman TrMo)
 12605 | D:10     | Upgraded the game from 0.25-a0-36-g303dd5b1f4 to
                  | 0.25-a0-63-gbefff83b7c
 12790 | D:10     | Killed a two-headed ogre
 12894 | D:10     | Reached ***** piety under Okawaru
 12986 | D:10     | Killed a manticore
 12986 | D:10     | Received a gift from Okawaru
 13349 | D:11     | Noticed a green ugly thing
 13379 | D:11     | Killed a green ugly thing
 13421 | D:11     | Found an iron altar of Okawaru.
 13502 | D:11     | Reached XP level 12. HP: 89/93 MP: 24/24
 13622 | D:11     | Found a sparkling altar of Nemelex Xobeh.
 13885 | D:11     | Found Narim's Magic Scroll Shoppe.
 14122 | D:11     | Found Udun's Armour Shoppe.
 14215 | D:11     | Found Edghitom's Distillery.
 14228 | D:11     | Found Ymekkub's General Store.
 14232 | D:11     | Bought a book of Minor Magic for 240 gold pieces
 14234 | D:11     | Learned a level 1 spell: Magic Dart
 14237 | D:11     | Learned a level 2 spell: Slow
 14580 | D:12     | Noticed Kirke
 14598 | D:12     | Slain by Kirke

Levels and vault maps discovered:
D:1:      saegor_arrival_simple_e, layout_basic
D:2:      layout_basic, chequers_serial_rivers_micro_d, elyvilon_altar_1
D:3:      layout_basic, led_sif_pool, marbit_many_paths, uniq_robin,
          uniq_grinder, uniq_ijyb
D:4:      layout_basic, grunt_temple_overflow_gold_and_silver, first_ration
D:5:      layout_loops_ring, chequers_temple_overflow_statue_of_worship
D:6:      minmay_bubble_buster, layout_basic, nicolae_ashenzari_panopticon,
          nicolae_overflow_hidden_temple, minmay_temple_entry_grid,
          minmay_misc_feat_rows, corexii_checkpoint_a, uniq_duvessa
D:7:      cheibrodos_quashed, layout_loops_ring, lemuel_round_altar
D:8:      layout_loops_corners, overflow_temple_1_default,
          nicolae_qazlal_eye_of_the_storm, kennysheep_mini,
          minmay_lair_entry_grove, the_bakery, hangedman_misty_isle,
          uniq_maurice
D:9:      layout_gridville, old_standard_altar, dancing_weapons_uskayaw,
          orc_david_3, uniq_gastronok
D:10:     layout_irregular_city, serial_rivers, chequers_serial_rivers_marsh,
          chequers_serial_rivers_small_b, chequers_serial_rivers_small_a,
          chequers_serial_rivers_micro_b, gammafunk_ghost_spectres
D:11:     layout_stronghold, basic_altar, serial_shops, shop, shop,
          kennysheep_mini_moat, nicolae_shop_behind_doors, okawaru_humans
D:12:     layout_loops_ring, uniq_kirke, uniq_erolcha
Temple:   corrupted_temple

Skill      XL: |  1  2  3  4  5  6  7  8  9 10 11 12 |
---------------+-------------------------------------+-----
Spellcasting   | 5 6 7 8 |  8.5
Invocations    | 1 2 3 4 5 6 7 |  7.5
Short Blades   | 1 2 3 4 5 6 |  6.8
Long Blades    | 1 2 3 4 5 6 |  6.8
Axes           | 1 2 3 4 5 6 |  6.8
Maces & Flails | 1 2 3 4 5 6 |  6.8
Staves         | 1 2 3 4 5 6 |  6.8
Slings         | 1 2 3 4 5 6 |  6.8
Bows           | 1 2 3 4 5 6 |  6.8
Crossbows      | 1 2 3 4 5 6 |  6.8
Throwing       | 1 2 3 4 5 6 |  6.8
Stealth        | 1 2 3 4 5 6 |  6.8
Shields        | 1 2 3 4 5 6 |  6.8
Unarmed Combat | 1 2 3 4 5 6 |  6.8
Evocations     | 1 2 3 4 5 6 |  6.8
Conjurations   | 1 2 3 4 5 |  5.6
Hexes          | 1 2 3 4 5 |  5.6
Summonings     | 1 2 3 4 5 |  5.6
Necromancy     | 1 2 3 4 5 |  5.6
Translocations | 1 2 3 4 5 |  5.6
Transmutations | 1 2 3 4 5 |  5.6
Fire Magic     | 1 2 3 4 5 |  5.6
Ice Magic      | 1 2 3 4 5 |  5.6
Air Magic      | 1 2 3 4 5 |  5.6
Earth Magic    | 1 2 3 4 5 |  5.6
Poison Magic   | 1 2 3 4 5 |  5.6
Fighting       | 5 6 7 8 |  8.3
Polearms       | 5 6 7 8 |  8.3
Armour         | 3 4 5 6 7 |  7.3
Dodging        | 5 6 7 8 |  8.3
Charms         | 6 7 8 |  8.0

Action                   |  1- 3 |  4- 6 |  7- 9 | 10-12 || total
-------------------------+-------+-------+-------+-------++-------
Melee: Spear             |   125 |     3 |       |       ||   128
       Bite              |    13 |    10 |    42 |    61 ||   126
       Flail             |       |   124 |   383 |   497 ||  1004
       Punch             |       |     2 |     7 |    10 ||    19
       Unarmed           |       |       |    16 |     6 ||    22
       Trident           |       |       |       |    53 ||    53
       Mace              |       |       |       |    15 ||    15
Throw: Javelin           |       |       |       |     9 ||     9
 Cast: Infusion          |     3 |     2 |     9 |    20 ||    34
       Spectral Weapon   |       |     6 |    10 |    15 ||    31
       Regeneration      |       |       |     7 |    25 ||    32
Invok: Heroism           |       |       |       |    14 ||    14
Evoke: Wand              |       |       |       |     3 ||     3
  Use: Potion            |     3 |       |       |     2 ||     5
       Scroll            |       |     2 |    12 |     6 ||    20
 Stab: Sleeping          |       |       |    10 |    12 ||    22
       Distracted        |       |       |     2 |     5 ||     7
  Eat: Chunk             |     2 |     4 |    19 |    22 ||    47
       Ration            |       |     1 |       |     1 ||     2
Armor: Leather armour    |    18 |    24 |   138 |   124 ||   304
       Skin              |       |       |     3 |       ||     3
Dodge: Dodged            |   128 |   114 |   365 |   381 ||   988
Block: Shield            |       |       |       |    95 ||    95
       Other             |       |       |       |     1 ||     1

Table legend:
 A = Non-vault XP
 B = Vault XP
 C = Vault XP percentage of total XP
 D = Non-vault monster count
 E = Vault monster count
 F = Vault count percentage of total count
                 A         B        C        D         E       F
            +---------+---------+-------+---------+---------+-------
      Total |   12713 |    7201 |  36.2 |     260 |      60 |  18.8
            +---------+---------+-------+---------+---------+-------
        D:1 |      69 |       0 |   0.0 |      23 |       0 |   0.0
        D:2 |     128 |       0 |   0.0 |      30 |       0 |   0.0
        D:3 |     221 |     351 |  61.4 |      29 |      14 |  32.6
        D:4 |     109 |       0 |   0.0 |       7 |       0 |   0.0
        D:5 |     849 |       0 |   0.0 |      27 |       0 |   0.0
        D:6 |     495 |     628 |  55.9 |      17 |      15 |  46.9
        D:7 |    1292 |       0 |   0.0 |      15 |       0 |   0.0
        D:8 |     854 |    2635 |  75.5 |      20 |      20 |  50.0
        D:9 |    2363 |    2993 |  55.9 |      28 |       8 |  22.2
       D:10 |    3895 |       0 |   0.0 |      46 |       0 |   0.0
       D:11 |    2253 |     402 |  15.1 |      14 |       2 |  12.5
       D:12 |     185 |     192 |  50.9 |       4 |       1 |  20.0
            +---------+---------+-------+---------+---------+-------
